 Dungeon Crawl Stone Soup version 0.30.1-3-gfc49f6343a (webtiles) character file.

Game seed: 4652203378459344436

5453 Fodor the Basher (level 10, -1/88 HPs)
             Began as a Minotaur Fighter on July 28, 2023.
             Was an Initiate of Gozag.
             Slain by a two-headed ogre
             ... wielding a +0 giant spiked club
              (14 damage)
             ... on level 8 of the Dungeon.
             The game lasted 00:37:56 (6491 turns).

Fodor the Basher (Minotaur Fighter)                 Turns: 6491, Time: 00:37:59

Health: -1/88      AC:  6    Str: 24    XL:     10   Next: 41%
Magic:  9/9        EV: 11    Int: 11    God:    Gozag
Gold:   621        SH:  6    Dex: 11    Spells: 9/9 levels left

rFire   + . .        j - +7 mace of Sapren {freeze, Stlth+}
rCold   x . .        c - +1 buckler
rNeg    . . .        b - +0 scale mail
rPois   .            (helmet restricted)
rElec   .            I - +0 cloak
rCorr   .            (no gloves)
SInv    .            (no boots)
Will    .....        C - amulet of regeneration
Stlth   ++           l - ring of fire
HPRegen 1.14/turn    L - +6 ring of intelligence
MPRegen 0.11/turn

%: no passive effects
@: about to teleport, corroded
A: horns 2, retaliatory headbutt
a: Renounce Religion, Potion Petition, Call Merchant, Bribe Branch


You were on level 8 of the Dungeon.
You worshipped Gozag.
Gozag was pleased with you.
You visited 2 branches of the dungeon, and saw 9 of its levels.

You collected 979 gold pieces.
You spent 276 gold pieces at shops.
You paid 82 gold pieces to Gozag.

Inventory:

Hand Weapons
 i - a +2 whip of venom
 j - the +7 mace of Sapren (weapon) {freeze, Stlth+}
   (You found it on level 3 of the Dungeon)

   Stlth:     It makes you more stealthy.
 H - a +3 quarterstaff of chaos
 J - a +2 shortbow of draining
 O - a +0 war axe of flaming
Missiles
 f - a throwing net
 r - 2 boomerangs (quivered)
 E - 9 poisoned darts
Armour
 b - a +0 scale mail (worn)
 c - a +1 buckler (worn)
 I - a +0 cloak (worn)
Jewellery
 l - a ring of fire (left hand)
 C - an amulet of regeneration (around neck)
 L - a +6 ring of intelligence (right hand)
Wands
 e - a wand of paralysis (9)
 B - a wand of polymorph (7)
 M - a wand of flame (13)
Scrolls
 n - a scroll of fear
 o - 4 scrolls of teleportation
 p - a scroll of amnesia {unknown}
 q - 2 scrolls of silence
 u - a scroll of immolation {unknown}
 v - a scroll of acquirement {unknown}
 w - 3 scrolls of poison
 x - a scroll of enchant armour
 y - a scroll of blinking {unknown}
 F - 3 scrolls of fog
 K - a scroll of brand weapon {unknown}
Potions
 a - a potion of resistance {unknown}
 d - 4 potions of might
 g - 2 potions of brilliance
 h - 3 potions of curing
 k - 2 potions of ambrosia
 m - a potion of attraction
 s - 3 potions of lignification
 t - 2 potions of degeneration {unknown}
 z - 2 potions of invisibility {unknown}
 D - a potion of flight {unknown}
 G - a potion of magic {unknown}
 N - a potion of mutation {unknown}


   Skills:
 + Level 8.0 Fighting
 + Level 2.8 Long Blades
 + Level 11.3 Maces & Flails
 + Level 1.7 Throwing
 + Level 9.6 Armour
 + Level 4.8 Dodging
 + Level 2.2 Stealth
 + Level 7.3 Shields


You had 9 spell levels left.
You didn't know any spells.
Your spell library contained the following spells:

 Spells                   Type           Power      Damage    Failure   Level
 Apportation              Tloc           0%         N/A       65%         1
 Kiss of Death            Conj/Necr      0%         2d5       65%         1
 Necrotise                Necr           0%         1d4       65%         1
 Summon Small Mammal      Summ           0%         N/A       65%         1
 Blink                    Tloc           0%         N/A       78%         2
 Lesser Beckoning         Tloc           0%         N/A       78%         2
 Momentum Strike          Conj/Tloc      0%         3d8       78%         2
 Confusing Touch          Hex            0%         N/A       95%         3
 Inner Flame              Hex/Fire       0%         N/A       95%         3
 Ozocubu's Armour         Ice            0%         N/A       95%         3
 Dispel Undead            Necr           0%         3d6       100%        4
 Flame Wave               Conj/Fire      0%         2d4       100%        4
 Sticky Flame             Conj/Fire      0%         2d3       100%        4
 Ozocubu's Refrigeration  Ice            0%         4d7       100%        7


Dungeon Overview and Level Annotations

Branches:
Dungeon (8/15)             Temple (1/1) D:5            Lair (0/5) D:8

Altars:
Cheibriados
Dithmenos
Fedhas
Gozag
Hepliaklqana
Kikubaaqudgha
Nemelex Xobeh
Qazlal
Ru
Sif Muna
Wu Jian
Xom
Yredelemnul
Zin

Shops:
D:4 =   D:6 !


Innate Abilities, Weirdness & Mutations

You have a pair of horns on your head.
You reflexively headbutt those who attack you in melee.


Message History

You headbutt the acid dragon.
The acid dragon is severely wounded.
The acid dragon spits acid at you. The splash of acid hits you!
The acid corrodes you! The two-headed ogre closely misses you.
The two-headed ogre barely misses you.
You hear a howl! x2
You hit the acid dragon. You freeze the acid dragon.
The acid dragon is severely wounded.
The acid dragon misses you. x2
The two-headed ogre hits you with a +0 giant spiked club!!
* * * LOW HITPOINT WARNING * * *
The two-headed ogre hits you with a +0 dire flail!
* * * LOW HITPOINT WARNING * * *
You hear a howl!
As you read the scroll of teleportation, it crumbles to dust.
You feel strangely unstable.
The acid dragon bites you but does no damage.
The acid dragon claws you.
* * * LOW HITPOINT WARNING * * *
You feel much better. The acid dragon closely misses you.
You block the acid dragon's attack. The two-headed ogre closely misses you.
The two-headed ogre barely misses you.
You hit the acid dragon but do no damage.
The acid dragon is severely wounded.
The acid dragon barely misses you. You block the acid dragon's attack.
You barely miss the acid dragon.
The acid dragon is severely wounded.
The two-headed ogre hits you with a +0 giant spiked club!!
* * * LOW HITPOINT WARNING * * *
The two-headed ogre closely misses you. The acid dragon bites you!
* * * LOW HITPOINT WARNING * * *
The acid dragon closely misses you.
You hear a howl!
You feel better.
The acid dragon bites you but does no damage.
The acid dragon claws you.
* * * LOW HITPOINT WARNING * * *
The two-headed ogre hits you with a +0 giant spiked club!
You die...
Your body crumbles into a pile of gold.

#
#.########........####.
#.# ##..###....... #.#
#..###..####. .###
#............ ## ...
#.####..##### .# ....
#.......# .# ##..##
######...# .#
$#...'.### #........#
## $ ##cD@###.###..#.#
#.[O$..### #..#.# ###
##..#?.$$.# #..#.##
..### #...###..##
#.....# ....###
##..###...# #...#.#
......### #.....#..##
#.>...#
......'.#####......#
#..####
.....##...#.###)).##
#.##
.....#...##...#)#.# ###


You could see a centaur warrior, a two-headed ogre and an acid dragon.

Vanquished Creatures
  A cyclops (D:8)
  A rime drake (D:8)
  2 polar bears (D:8)
  Grinder (D:5)
  A hornet (D:8)
  Prince Ribbit (D:5)
  Sigmund (D:5)
  An acid dragon (D:7)
  Duvessa (D:5)
  2 water moccasins (D:8)
  6 ice beasts (D:8)
  3 black bears
  3 ogres
  3 wolves (D:8)
  5 centaurs
  A phantom (D:4)
  3 bullfrogs
  2 scorpions
  5 wights (D:8)
  Dowan (D:5)
  2 howler monkeys (D:8)
  5 jellies
  An orc priest (D:6)
  Crazy Yiuf (D:6)
  5 hounds
  An iguana (D:5)
  3 orc wizards
  Robin (D:3)
  11 gnolls
  5 adders
  A shadow imp (D:6)
  A white imp (D:6)
  2 ufetubi
  2 worms
  2 dart slugs
  12 orcs
  8 ball pythons
  2 bats (D:1)
  6 endoplasms
  5 giant cockroaches
  18 goblins
  18 hobgoblins
  2 jackals (D:2)
  4 kobolds
  3 quokkas
  2 frilled lizards
  5 rats
172 creatures vanquished.

Notes
Turn   | Place    | Note
-------+----------+-------------------------------------------
     0 | D:1      | Fodor the Minotaur Fighter began the quest for the Orb.
     0 | D:1      | Reached XP level 1. HP: 19/19 MP: 0/0
   149 | D:1      | Reached XP level 2. HP: 27/27 MP: 1/1
   871 | D:1      | Reached XP level 3. HP: 30/33 MP: 2/2
  1177 | D:2      | Reached skill level 1 in Maces & Flails
  1271 | D:2      | Reached XP level 4. HP: 38/41 MP: 3/3
  1277 | D:2      | Reached skill level 2 in Maces & Flails
  1472 | D:3      | Noticed Robin
  1505 | D:3      | HP: 2/41 [Robin/+0 club (5)]
  1509 | D:3      | Killed Robin
  1510 | D:3      | Reached XP level 5. HP: 24/47 MP: 4/4
  1519 | D:3      | Reached skill level 1 in Dodging
  1527 | D:3      | Reached skill level 3 in Maces & Flails
  1552 | D:3      | Reached skill level 5 in Armour
  1717 | D:3      | Identified the +7 mace of Sapren {freeze, Stlth+}
  1900 | D:3      | Found a shadowy altar of Dithmenos.
  1965 | D:3      | Found a basalt altar of Yredelemnul.
  2179 | D:4      | Noticed a centaur
  2184 | D:4      | Found Furorar's Jewellery Shoppe.
  2185 | D:4      | Killed a centaur
  2186 | D:4      | Reached XP level 6. HP: 20/53 MP: 5/5
  2313 | D:4      | Reached skill level 4 in Maces & Flails
  2351 | D:4      | Found a sacrificial altar of Ru.
  2453 | D:4      | Paralysed by a hobgoblin for 4 turns
  2642 | D:4      | Reached skill level 5 in Fighting
  2642 | D:4      | Reached skill level 5 in Maces & Flails
  2642 | D:4      | Reached XP level 7. HP: 57/61 MP: 6/6
  2644 | D:4      | Reached skill level 5 in Shields
  2729 | D:4      | Found a snail-covered altar of Cheibriados.
  2821 | D:5      | Entered Level 5 of the Dungeon
  2931 | D:5      | Noticed Grinder
  2953 | D:5      | Killed Grinder
  2954 | D:5      | Reached skill level 6 in Maces & Flails
  2954 | D:5      | Reached XP level 8. HP: 67/69 MP: 7/7
  2990 | D:5      | Reached skill level 7 in Maces & Flails
  3252 | D:5      | Noticed Prince Ribbit
  3254 | D:5      | Found an ancient bone altar of Kikubaaqudgha.
  3264 | D:5      | Killed Prince Ribbit
  3529 | D:5      | Found a staircase to the Ecumenical Temple.
  3539 | Temple   | Entered the Ecumenical Temple
  3550 | Temple   | Became a worshipper of Gozag Ym Sagoz the Greedy
  3569 | D:5      | Reached skill level 8 in Maces & Flails
  3684 | D:5      | Noticed Duvessa
  3684 | D:5      | Noticed Dowan
  3697 | D:5      | Killed Duvessa
  3699 | D:5      | Killed Dowan
  3805 | D:5      | Noticed Sigmund
  3815 | D:5      | Killed Sigmund
  3816 | D:5      | Reached skill level 1 in Stealth
  3816 | D:5      | Reached XP level 9. HP: 62/75 MP: 8/8
  4644 | D:6      | Found a runed translucent door.
  4645 | D:6      | Noticed Crazy Yiuf
  4779 | D:6      | Found Tites's Distillery.
  4787 | D:6      | Bought a potion of might for 48 gold pieces
  4787 | D:6      | Bought a potion of ambrosia for 96 gold pieces
  4787 | D:6      | Bought a potion of might for 48 gold pieces
  4787 | D:6      | Bought a potion of brilliance for 48 gold pieces
  4787 | D:6      | Bought a potion of lignification for 36 gold pieces
  4854 | D:6      | Found a glowing silver altar of Zin.
  4980 | D:6      | Killed Crazy Yiuf
  5067 | D:7      | Found a blossoming altar of Fedhas.
  5080 | D:7      | Found a stormy altar of Qazlal.
  5150 | D:7      | Reached skill level 9 in Maces & Flails
  5202 | D:7      | Noticed a cyclops
  5202 | D:7      | Noticed a troll
  5652 | D:8      | Noticed a cyclops
  5653 | D:8      | Found a shimmering blue altar of Sif Muna.
  5662 | D:8      | Killed a cyclops
  5736 | D:8      | Noticed a polar bear
  5738 | D:8      | Noticed a rime drake
  5741 | D:8      | Reached skill level 1 in Throwing
  5760 | D:8      | Reached skill level 10 in Maces & Flails
  5762 | D:8      | Killed a rime drake
  5784 | D:8      | Killed a polar bear
  5785 | D:8      | Reached XP level 10. HP: 50/86 MP: 9/9
  5802 | D:8      | Found a staircase to the Lair.
  6080 | D:8      | Reached skill level 11 in Maces & Flails
  6478 | D:8      | Noticed a two-headed ogre
  6480 | D:8      | Noticed a centaur warrior
  6491 | D:8      | Slain by a two-headed ogre

Illustrated notes

Levels and vault maps discovered:
D:1:      nzn_arrival_crosshair, layout_loops_corners, minmay_misc_feat_iff,
          hangedman_decor_push
D:2:      layout_rooms, nicolae_titane
D:3:      layout_rooms, mainiacjoe_overflow_small_starburst,
          nicolae_overflow_crystal_walls, uniq_robin
D:4:      layout_rooms, chei_slow_surprise, mainiacjoe_overflow_catwalk,
          serial_shops, shop
D:5:      layout_loops_cross, kiku_gazebo_garden_becter,
          minmay_temple_entry_arrows, serial_co_window_serial,
          co_window_paths_a, co_window_of_opportunity_a, co_window_paths_a,
          co_window_paths_a, co_window_corner_a, co_window_of_opportunity_a,
          co_window_broadway_b, co_window_2corner, co_window_broadway_b,
          co_window_broadway_a, uniq_sigmund, uniq_prince_ribbit1, uniq_duvessa,
          uniq_grinder
D:6:      layout_cave_pools, kennysheep_mini_moat, serial_shops,
          nicolae_square_shop, uniq_crazy_yiuf_cottage
D:7:      layout_rooms, grunt_temple_overflow_forces_of_nature,
          lightli_corner_chamber
D:8:      minmay_slanted_spiral_squares, layout_loops_ring,
          nicolae_sif_muna_condensation, hellmonk_lair_entry_icy,
          chequers_garden, nicolae_underground_beach
Temple:   chequers_temple_sunken

Skill      XL: |  1  2  3  4  5  6  7  8  9 10 |
---------------+-------------------------------+-----
Fighting       | 4 5 7 8 |  8.0
Armour         | 4 5 6 8 9 |  9.6
Shields        | 4 5 6 7 |  7.3
Maces & Flails | 1 2 3 5 6 8 10 11 | 11.3
Dodging        | 1 3 4 |  4.8
Stealth        | 1 2 |  2.2
Throwing       | 1 |  1.7
Long Blades    | |  2.8

Action                     |  1- 3 |  4- 6 |  7- 9 | 10-12 || total
---------------------------+-------+-------+-------+-------++-------
  Melee: Long sword        |    18 |       |       |       ||    18
         Headbutt          |     5 |    19 |    36 |    16 ||    76
         Whip              |    72 |    62 |       |       ||   134
         Mace              |       |    43 |   171 |    76 ||   290
  Throw: Throwing net      |       |     1 |     1 |       ||     2
         Boomerang         |       |       |     7 |       ||     7
    Use: Scroll            |       |     4 |     4 |     2 ||    10
         Potion            |       |     4 |     1 |     2 ||     7
   Stab: Sleeping          |       |       |       |     1 ||     1
 Armour: Scale mail        |    42 |    80 |    60 |    40 ||   222
  Dodge: Dodged            |    45 |    61 |    83 |    41 ||   230
  Block: Buckler           |    24 |    51 |    59 |    28 ||   162
